 Dungeon Crawl Stone Soup version 0.30-a0-1014-g3371b13838 (webtiles) character file.

Game seed: 4880373788603816351

123 MacCMillion the Shooter (level 4, -8/36 HPs)
             Began as a Demigod Hunter on Apr 6, 2023.
             Mangled by a gnoll
             ... wielding a +0 whip
              (9 damage)
             ... on level 4 of the Dungeon.
             The game lasted 00:02:39 (3186 turns).

MacCMillion the Shooter (Demigod Hunter)            Turns: 3186, Time: 00:02:40

Health: -8/36      AC:  3    Str: 11 (12) XL:     4   Next: 51%
Magic:  6/6        EV: 12    Int: 11      God:
Gold:   95         SH:  0    Dex: 19 (21) Spells: 3/3 levels left

rFire   . . .      SeeInvis .    a - +0 shortbow
rCold   . . .      Faith    .    (shield currently unavailable)
rNeg    . . .      Spirit   .    c - +0 leather armour
rPois   .          Reflect  .    (no helmet)
rElec   .          Rampage  .    (no cloak)
rCorr   .                        (no gloves)
Will    .....                    (no boots)
Stlth   ++                       (no amulet)
HPRegen 0.26/turn                (no ring)
MPRegen 0.10/turn                (no ring)

@: no status effects
A: high MP 1, forlorn, divine attributes
a: no special abilities


You were on level 4 of the Dungeon.
You visited 1 branch of the dungeon, and saw 4 of its levels.

You collected 95 gold pieces.

Inventory:

Hand Weapons
 a - a +0 shortbow (weapon)
Armour
 c - a +0 leather armour (worn)
Scrolls
 b - 3 scrolls of immolation
 f - 3 scrolls of teleportation {unknown}
 i - 2 scrolls of magic mapping {unknown}
 j - a scroll of poison {unknown}
 k - a scroll of vulnerability {unknown}
 o - 4 scrolls of identify {unknown}
 r - a scroll of torment {unknown}
 s - a scroll of amnesia {unknown}
 t - a scroll of silence {unknown}
Potions
 d - 2 potions of degeneration
 e - a potion of might {unknown}
 g - a potion of lignification {unknown}
 h - a potion of curing {unknown}
 l - a potion of resistance {unknown}
 m - 2 potions of haste
 n - a potion of attraction {unknown}
 p - 2 potions of brilliance {unknown}
 q - a potion of flight {unknown}


   Skills:
 - Level 1.7 Fighting
 + Level 5.3 Ranged Weapons
 - Level 1.7 Dodging
 - Level 2.0 Stealth


You had 3 spell levels left.
You didn't know any spells.
Your spell library contained the following spells:

 Spells                   Type           Power      Damage    Failure   Level
 Foxfire                  Conj/Fire      0%         2x1d4     43%         1
 Sublimation of Blood     Necr           0%         N/A       56%         2
 Wereblood                Tmut           0%         N/A       56%         2
 Fireball                 Conj/Fire      0%         3d3       100%        5
 Iskenderun's Battlesphe  Conj           0%         2d6       100%        5
 Iron Shot                Conj/Erth      0%         9d1       100%        6
 Plasma Beam              Fire/Air       0%         2x1d11    100%        6
 Starburst                Conj/Fire      0%         6d3       100%        6
 Spellforged Servitor     Conj/Summ      0%         N/A       100%        7
 Summon Hydra             Summ           0%         N/A       100%        7


Dungeon Overview and Level Annotations

Branches:
Dungeon (4/15)
 Temple: D:4-7

Annotations:
D:4 1 runed translucent door


Innate Abilities, Weirdness & Mutations

You have an increased reservoir of magic. (+10% MP)
You shall have no god before yourself.
Your divine heritage dramatically boosts your attributes as you level up.


Message History

You struggle against the net.
You struggle against the net.
The gnoll hits you with a +0 whip!
You shred the net and break free! The gnoll closely misses you.
The gnoll attacks as you move away! The gnoll barely misses you.
The gnoll throws a throwing net.
The throwing net closely misses you. The gnoll attacks as you move away!
The gnoll closely misses you. The gnoll attacks as you move away!
The gnoll misses you.
You shoot an arrow. The arrow hits the gnoll.
The gnoll is almost dead.
The gnoll hits you from afar with a +0 halberd!
The gnoll hits you with a +0 whip. The gnoll attacks as you move away!
The gnoll misses you.
You see here a +0 ring mail.
You are too injured to fight recklessly!
Fire: a) +0 shortbow
Press: ? - help, Q - select action Shift-Dir - straight line, f/p - gnoll
Aim: a gnoll, wielding a +0 whip (almost dead, 66% to hit)
You shoot an arrow. The arrow closely misses the gnoll. x2
Unknown command.
The gnoll barely misses you.
Fire: a) +0 shortbow
Press: ? - help, Q - select action Shift-Dir - straight line, f/p - gnoll
Aim: a gnoll, wielding a +0 whip (almost dead, 66% to hit)
You shoot an arrow. The arrow closely misses the gnoll.
The arrow barely misses the gnoll.
The gnoll barely misses you. x2
Unknown command.
Fire: a) +0 shortbow
Press: ? - help, Q - select action Shift-Dir - straight line, f/p - gnoll
Aim: a gnoll, wielding a +0 whip (almost dead, 66% to hit)
You shoot an arrow. The arrow barely misses the gnoll.
The arrow closely misses the gnoll.
The gnoll hits you from afar with a +0 halberd.
* * * LOW HITPOINT WARNING * * *
The gnoll misses you. The gnoll hits you with a +0 whip.
* * * LOW HITPOINT WARNING * * *
The gnoll hits you from afar with a +0 halberd.
* * * LOW HITPOINT WARNING * * *
The gnoll hits you with a +0 whip!
You die...

#..##...#....... ........#
#..######...###. ........##
####.......#...#p#. .........#
##.........)....#+#. ........(##
##.........###.......
#........###...........##8.#####
#........##..............###...#
#............g........##.# #._.#
#..........[.gg@.....###..# ..#
#........##......##### §§.# ##
#.......###.....## #≈ #
#..[..### ##....# #....## ####.#
.....## ### ....## ...# ..#


You could see 3 gnolls.

Vanquished Creatures
  Terence (D:2)
  2 adders
  3 worms
  6 dart slugs
  9 endoplasms
  3 giant cockroaches
  4 hobgoblins
  8 kobolds
  4 quokkas
  6 ball pythons
  2 bats
  5 frilled lizards
  5 goblins
  4 rats
62 creatures vanquished.

Notes
Turn   | Place    | Note
-------+----------+-------------------------------------------
     0 | D:1      | MacCMillion the Demigod Hunter began the quest for the Orb.
     0 | D:1      | Reached XP level 1. HP: 17/17 MP: 3/3
    85 | D:1      | Reached skill level 1 in Stealth
   197 | D:1      | Reached XP level 2. HP: 19/24 MP: 4/4
   474 | D:1      | Reached skill level 4 in Ranged Weapons
   826 | D:1      | Reached XP level 3. HP: 29/29 MP: 5/5
  1640 | D:2      | Noticed Terence
  1647 | D:2      | Killed Terence
  1648 | D:2      | Reached skill level 5 in Ranged Weapons
  1648 | D:2      | Reached XP level 4. HP: 29/36 MP: 6/6
  3098 | D:4      | Noticed a human
  3099 | D:4      | Found a runed translucent door.
  3186 | D:4      | HP: 1/36 [gnoll/+0 halberd (4)]
  3186 | D:4      | Mangled by a gnoll

Illustrated notes

Levels and vault maps discovered:
D:1:      ncdulo_smallfort, layout_basic, ebering_ecumenical_altar_abandoned,
          serial_curves, eino_curves_03, eino_curves_03, eino_curves_01,
          eino_curves_03, due_unseen_surprise
D:2:      layout_loops_corners, serial_park_tiny_2, nicolae_hexahallways,
          minmay_misc_feat_roman, uniq_terence
D:3:      layout_basic
D:4:      layout_cave_pods, lightli_temple_of_fire, dk_yredelemnul_ordeal,
          due_unseen_surprise, uniq_eustachio

Skill      XL: |  1  2  3 |
---------------+----------+-----
Stealth        | 1 2 |  2.0
Ranged Weapons | 4 5 |  5.3
Fighting       | |  1.7
Dodging        | |  1.7

Action                     |  1- 3 |  4- 6 || total
---------------------------+-------+-------++-------
   Fire: Shortbow          |   119 |    69 ||   188
    Use: Potion            |       |     1 ||     1
 Armour: Leather armour    |     4 |     5 ||     9
  Dodge: Dodged            |    20 |    30 ||    50

Table legend: (Time is in decaauts)
 A = Elapsed time spent in this place.
 B = Non-inter-level travel time spent in this place.
 C = Inter-level travel time spent in this place.
 D = Time resting spent in this place.
 E = Time spent auto-exploring this place.
 F = Levels seen in this place.
 G = Mean time per level.
                   A        B        C        D        E       F      G
               +--------+--------+--------+--------+--------+-----+--------+
         Total |   3243 |   3176 |     67 |    249 |   2541 |   4 |  810.8 |
       Dungeon |   3243 |   3176 |     67 |    249 |   2541 |   4 |  810.8 |
               +--------+--------+--------+--------+--------+-----+--------+

Top non-repeatable levels by time:
     D:2: 1251 daAuts
     D:1: 1027 daAuts
     D:3: 867 daAuts
     D:4: 97 daAuts
